Cogmind - Beta 12 @@@ ROGUE MODE // 2023.03.05 @ 16:40:16 Player: the_chaos Result: Self-destructed Performance ------------- Evolutions (1) 500 Regions Visited (3) 600 Robots Destroyed (10) 50 Value Destroyed (307) 307 Prototype IDs (0) 0 Alien Tech Used (0) 0 Bonus (0) 0 TOTAL SCORE: 1457 Bonus ------- None Cogmind --------- Core Integrity 400/400 Matter 300/300 Energy 250/250 System Corruption 0% Temperature Cool (0) Movement Treading (160) Location -9/Materials Parts ------- > --- POWER (1) -------- Ion Engine > --- PROPULSION (2) --- Light Treads Light Treads > --- UTILITY (4) ------ Small Storage Unit Targeting Computer > --- WEAPON (2) ------- Small Laser Small Laser > --- INVENTORY (8) ---- Ion Engine Aluminum Leg Aluminum Leg Aluminum Leg Aluminum Leg Medium Laser Medium Laser Grenade Launcher Peak State ------------ > --- POWER ------------ Ion Engine > --- PROPULSION ------- Aluminum Leg Aluminum Leg > --- UTILITY ---------- Small Storage Unit Targeting Computer > --- WEAPON ----------- EM Pulse Gun Small Laser > --- INVENTORY -------- Light Treads Light Treads Aluminum Leg Medium Laser Medium Laser Grenade Launcher Blade Trap [Rating: 7] Favorites ----------- Power Ion Engine Engine Ion Engine Propulsion Aluminum Leg Treads Light Treads Leg Aluminum Leg Utility Small Storage Unit Storage Small Storage Unit Processor Targeting Computer Weapon Small Laser Energy Gun Small Laser Build | -11 -10 -10 -9 ------- Run | Jun Mat Min Mat Slots Evolved 2 | . . . 2 Power . | . . . . Propulsion . | . . . . Utility 2 | . . . 2 Weapon . | . . . . Parts Attached 11 | 6 . 5 . Power 1 | 1 . . . Engine 1 | 1 . . . Core . | . . . . Reactor . | . . . . Propulsion 5 | 2 . 3 . Treads 2 | . . 2 . Leg 3 | 2 . 1 . Wheel . | . . . . Hover . | . . . . Flight . | . . . . Utility 2 | 1 . 1 . Device . | . . . . Storage 1 | 1 . . . Processor 1 | . . 1 . Hackware . | . . . . Protection . | . . . . Artifact . | . . . . Weapon 3 | 2 . 1 . Energy Gun 3 | 2 . 1 . Energy Cannon . | . . . . Ballistic Gun . | . . . . Ballistic Cannon . | . . . . Launcher . | . . . . Special Weapon . | . . . . Impact Weapon . | . . . . Slashing Weapon . | . . . . Piercing Weapon . | . . . . Special Melee Weapon . | . . . . Unidentified Prototypes . | . . . . Parts Lost . | . . . . Power . | . . . . Propulsion . | . . . . Utility . | . . . . Weapon . | . . . . Highest Loss Streak . | . . . . To Critical Strikes . | . . . . Average Slot Usage (%) 94 | . 85 96 77 Engine 13 | . 14 14 11 Treads 12 | . . 14 22 Leg 15 | . 28 14 . Storage 13 | . 14 14 11 Processor 9 | . . 10 11 Energy Gun 27 | . 28 28 22 Naked Turns . | . . . . Heaviest Build 13 | 13 13 13 12 Greatest Support 40 | 20 20 40 40 Greatest Overweight (x) . | . . . . Average Overweight (x) . | . . . . Largest Inventory Capacity 8 | 8 8 8 8 Average Capacity 7 | 7 8 8 8 Most Carried 8 | 6 7 8 8 Average Carried 6 | 2 5 7 8 Final Capacity 8 | 8 8 8 8 Final Carried 8 | 3 7 8 8 Class Distribution -------------------- 100% | Mutant Dominant Class ---------------- Mutant | -10/Materials Mutant | -10/Mines Mutant | -9/Materials Resources | -11 -10 -10 -9 ----------- Run | Jun Mat Min Mat Matter Collected 310 | 255 . 55 . Remotely . | . . . . Salvage Created 365 | . . 365 . Parts 17 | . . 17 . Haulers Intercepted . | . . . . Recyclers Shooed . | . . . . Parts Field Recycled . | . . . . Retrieved Matter . | . . . . Parts Self-Destructed . | . . . . Prevented . | . . . . Kills | -11 -10 -10 -9 ------- Run | Jun Mat Min Mat Combat Hostiles Destroyed 10 | . . 10 . Guns 8 | . . 8 . AOE 2 | . . 2 . Classes Destroyed 2 | . . 2 . Swarmer 3 | . . 3 . Grunt 7 | . . 7 . Best Kill Streak 3 | . . 3 . Combat Bots Only 3 | . . 3 . Max Kills in Single Turn 2 | . . 2 . Gunslinging . | . . . . Exploded 2 | . . 2 . Melee . | . . . . Uniques/NPCs Destroyed . | . . . . Combat | -11 -10 -10 -9 -------- Run | Jun Mat Min Mat Damage Taken 355 | . . 355 . Core 90 | . . 90 . Absorbed by Shields . | . . . . Core Remaining (%) 82 | 100 . 64 . Volleys Fired 23 | . . 23 . Largest 2 | . . 2 . Hottest 80 | . . 80 . Shots Fired 46 | . . 46 . Gun 46 | . . 46 . Cannon . | . . . . Launcher . | . . . . Special . | . . . . Kinetic . | . . . . Thermal 25 | . . 25 . Explosive . | . . . . Electromagnetic 21 | . . 21 . Robot Hit Streak 6 | . . 6 . Robot Miss Streak 2 | . . 2 . Penetration Max . | . . . . Secondary Targets . | . . . . Shots Hit Robots 26 | . . 26 . Core Hits 16 | . . 16 . Critical Kills . | . . . . Critical Parts Destroyed . | . . . . Critical Strikes . | . . . . Melee Attacks . | . . . . Impact . | . . . . Slashing . | . . . . Piercing . | . . . . Sneak Attacks . | . . . . Combat Hostiles . | . . . . Follow-up Attacks . | . . . . Damage Inflicted 406 | . . 406 . Guns 304 | . . 304 . Cannons . | . . . . Explosions 102 | . . 102 . Melee . | . . . . Ramming . | . . . . Kinetic . | . . . . Thermal 245 | . . 245 . Explosive . | . . . . Electromagnetic 161 | . . 161 . Impact . | . . . . Slashing . | . . . . Piercing . | . . . . Highest Corruption . | . . . . Average Corruption . | . . . . Corruption Purged . | . . . . Corruption Blocked . | . . . . Overload Shots . | . . . . Overflow Damage . | . . . . Projectiles . | . . . . Explosions . | . . . . Melee . | . . . . Knockbacks . | . . . . Impact . | . . . . Kinetic . | . . . . Secondary . | . . . . Self-Inflicted Damage 50 | . . 50 . Shots 1 | . . 1 . Rammed . | . . . . Targets Rammed . | . . . . Kicked . | . . . . Crushed . | . . . . Highest Temperature 162 | . . 162 . Average Temperature 63 | . . 63 . Received Heat Transfer 87 | . . 87 . Siege Activations . | . . . . Robots Corrupted . | . . . . Combat Hostiles . | . . . . Parts Fried . | . . . . Impact Corruptions . | . . . . Robots Melted . | . . . . Combat Hostiles . | . . . . Parts Melted . | . . . . Heat Transferred 425 | . . 425 . Parts Sabotaged . | . . . . Parts Stolen . | . . . . Parts Stripped . | . . . . Power Chain Reactions 1 | . . 1 . Missiles Intercepted . | . . . . Alert | -11 -10 -10 -9 ------- Run | Jun Mat Min Mat Peak Influence 173 | . . 173 21 Initial 21 | . . . 21 Average 41 | . . 51 21 Maximum Alert Level . | . . . . Low Security (%) 100 | 100 100 100 100 Level 1 . | . . . . Level 2 . | . . . . Level 3 . | . . . . Level 4 . | . . . . Level 5 . | . . . . High Security . | . . . . Max Security . | . . . . Squads Dispatched 1 | . . 1 . Investigation 1 | . . 1 . Extermination . | . . . . Reinforcement . | . . . . Assault . | . . . . Garrison . | . . . . Intercept . | . . . . Searches Triggered . | . . . . Construction Impeded . | . . . . Haulers Reinforced . | . . . . Active Scanning Responses . | . . . . Cargo Convoy Interrupts . | . . . . Stealth | -11 -10 -10 -9 --------- Run | Jun Mat Min Mat Distress Signals . | . . . . Communications Jammed . | . . . . Distress Signals . | . . . . Times Spotted 11 | . 1 10 . Peak Tracking Total 3 | . 1 3 . Tactical Retreats 1 | . . 1 . Traps | -11 -10 -10 -9 ------- Run | Jun Mat Min Mat Traps Triggered . | . . . . Indirectly . | . . . . Trap Hack Attempts . | . . . . Triggered . | . . . . Disarmed . | . . . . Reprogrammed . | . . . . Reused 2 | . . 2 . Traps Extracted . | . . . . Installed 2 | . . 2 . Triggered 2 | . . 2 . Most Traps Carried 2 | . . 2 . Machines | -11 -10 -10 -9 ---------- Run | Jun Mat Min Mat Machines Disabled . | . . . . Max in Single Turn . | . . . . Machines Repaired . | . . . . Machines Sabotaged . | . . . . Overloaded Fab Kills . | . . . . Hacking | -11 -10 -10 -9 --------- Run | Jun Mat Min Mat Machines Accessed 3 | . 2 1 . Terminals 2 | . 1 1 . Fabricators . | . . . . Repair Stations . | . . . . Recycling Units 1 | . 1 . . Scanalyzers . | . . . . Garrison Access . | . . . . Total Hacks 6 | . 2 4 . Successful 4 | . 2 2 . Failed 2 | . . 2 . Catastrophic 1 | . . 1 . Database Lockouts . | . . . . Manual . | . . . . Terminals 5 | . 1 4 . Fabricators . | . . . . Repair Stations . | . . . . Recycling Units 1 | . 1 . . Scanalyzers . | . . . . Garrison Access . | . . . . Terminal Hacks 3 | . 1 2 . Record 1 | . 1 . . Alert Level 2 | . . 2 . Fabricator Hacks . | . . . . Repair Station Hacks . | . . . . Recycling Unit Hacks 1 | . 1 . . Report Inventory 1 | . 1 . . Scanalyzer . | . . . . Garrison Access Hacks . | . . . . Unauthorized Hacks . | . . . . Terminals . | . . . . Fabricators . | . . . . Repair Stations . | . . . . Recycling Units . | . . . . Scanalyzers . | . . . . Garrison Access . | . . . . Data Cores Recovered . | . . . . Used . | . . . . Hacking Detections 1 | . . 1 . Full Trace Events 1 | . . 1 . Feedback Events . | . . . . Feedback Blocked . | . . . . Robot Schematics Acquired . | . . . . Robots Built . | . . . . Authchips . | . . . . Time . | . . . . Total Robot Build Rating . | . . . . Part Schematics Acquired . | . . . . Parts Built . | . . . . Authchips . | . . . . Time . | . . . . Total Part Build Rating . | . . . . Parts Repaired . | . . . . Time . | . . . . Parts Recycled . | . . . . Recycled Matter . | . . . . Retrieved Matter . | . . . . Retrieved Components . | . . . . Parts Scanalyzed . | . . . . Part Schematics Acquired . | . . . . Parts Damaged . | . . . . Bothacking | -11 -10 -10 -9 ------------ Run | Jun Mat Min Mat Used RIF Installer . | . . . . Robots Hacked . | . . . . Non-combat . | . . . . Combat . | . . . . Robot Hacks Applied . | . . . . Relay Couplers Released . | . . . . Fabnet Peak Effective % . | . . . . Robots Rewired . | . . . . Allies Hacked . | . . . . Hacks Repelled . | . . . . Allies | -11 -10 -10 -9 -------- Run | Jun Mat Min Mat Total Allies . | . . . . Largest Group . | . . . . Highest-Rated Group . | . . . . Highest-Rated Ally . | . . . . Total Orders . | . . . . Ally Attacks . | . . . . Total Damage . | . . . . Kills . | . . . . Allies Corrupted . | . . . . Allies Melted . | . . . . Intel | -11 -10 -10 -9 ------- Run | Jun Mat Min Mat Robot Analysis Total . | . . . . Derelict Logs Recovered 2 | . . 2 . Drone Launches . | . . . . Drone Recoveries . | . . . . Exploration | -11 -10 -10 -9 ------------- Run | Jun Mat Min Mat Turns Passed 1185 | 79 151 941 14 Spaces Moved 772 | 53 109 607 3 Core 5 | 5 . . . Treads 270 | . . 267 3 Legs 497 | 48 109 340 . Wheels . | . . . . Hover . | . . . . Flight . | . . . . Fastest Speed 50 | 50 120 120 160 Average Speed 133 | 113 120 137 160 Slowest Speed 160 | 120 120 160 160 Overloaded Moves . | . . . . Propulsion Burnouts . | . . . . Robots Hopped . | . . . . Cave-ins Triggered . | . . . . Exploration Rate (%) 29 | 4 24 89 1 Regions Visited 3 Branch Regions 1 Pre-discovered Areas 1 | . . 1 . Known Exits Taken . | . . . . Unknown Exits Taken 3 | 1 1 1 . Scrap Searched 1 | . . 1 . Spaces Dug . | . . . . Terrain Destroyed 3 | . . 3 . Melee . | . . . . Projectile . | . . . . AOE 3 | . . 3 . Terrain Rammed . | . . . . Walls Destroyed . | . . . . Machines Disabled . | . . . . Actions | -11 -10 -10 -9 --------- Run | Jun Mat Min Mat Total 884 | 72 129 671 12 Wait 47 | 5 17 16 9 Move 769 | 52 108 606 3 Hop . | . . . . Pick Up 23 | 9 4 10 . Fast Attach 1 | . . 1 . Attach 10 | 6 . 4 . Detach . | . . . . Swap . | . . . . Drop 9 | . . 9 . Fire 23 | . . 23 . Melee . | . . . . Ram . | . . . . Kick . | . . . . Crush . | . . . . Escape Stasis . | . . . . Rewire . | . . . . Trap 2 | . . 2 . Miscellaneous . | . . . . Route ------- -11/Junkyard -10/Materials -10/Mines -9/Materials History --------- Turn | Location | Event 20 | -11/Junkyard | Discovered new exit (range 15) 80 | -11/Junkyard | Entered Materials 132 | -10/Materials | Discovered new exit (range 15) 231 | -10/Materials | Entered Mines 272 | -10/Mines | Learned location of Zion (-7) 277 | -10/Mines | Met a Derelict bent on vengeance 311 | -10/Mines | Build established: Mutant 413 | -10/Mines | Found a hidden stash of uninstalled traps 529 | -10/Mines | Learned Materials machine intel 648 | -10/Mines | Discovered new exit (range 14) 1172 | -10/Mines | Entered Materials 1172 | -9/Materials | Evolved 2 slots: Utility x2 1173 | -9/Materials | Loaded intel: 57 machine locations 1186 | -9/Materials | Self-destructed Last Messages --------------- 00933_ Installed Blade Trap. 01000_ Connecting with Terminal... >>Alert(Check) Current Alert Level: Low Security 01000_ ALERT: Suspicious activity at Terminal M001. Dispatching Investigation squad. 01035_ 0W-7TK(g): "UNAWARE KILLED MY BEST FRIEND! VENGEANCE!" 01045_ G-34 Mercenary triggered Blade Trap. 01045_ Massive razor-sharp blades shoot up from within the floor. 01045_ Aluminum Leg severed. 01045_ Heat Sink severed. 01045_ U-05 Engineer lays Concrete. 01058_ G-34 Mercenary destroyed. 01059_ K-01 Serf collects debris. 01074_ Acquired Aluminum Leg. 01168_ K-01 Serf cleans the Matter Pump. PARAMETERS=UTILITY+2 LOCATION=UNKNOWN GOAL=ESCAPE Loading Materials machine intel (x57)... Map ----- +----------------------------------------------------+ | | | | | | | | | | | | | | | ?????????????????????????????????????????? | | ?????????????????????????????????????????? | | ???????????????????????????"""?"""???????? | | ???????????????????????????"""?"""???????? | | ???????????????????????????"""?"""???????? | | ?????"""?????????????????????????????????? | | ?????"""?????????????????????????????????? | | ?????"""?????????????????????????????????? | | ?????????????????????????????????????????? | | ?????????????????????????????????????????? | | ?????????????????????????????????????????? | | ?????????????????????????????????????????? | | ?????????????????????????????????????????? | | ?????????????????????????????????????????? | | ????????????????????????######???????????? | | ???????????????"""?"""??# #???????????? | | ???????????????"""?"""??# #???????????? | | ?"""???"???????"""?"""??# #???????????? | | ?"""???T????????????????#@ #???????????? | | ?"""???"????????????????+ #???????????? | | ????????????????????????# #???????????? | | ????????????????????????# #???????????? | | ????????????????????????# #???????????? | | ????????????????????????# #???????????? | | ????????????????????????# #???????????? | | ?????????????"""""??????+ #???????????? | | ????????????"""""""""???# #???????????? | | ?"""?????????"""?"""????# #???????????? | | ?"T"????????????????????# #???????????? | | ????????????????????????# #???????????? | | ????????????????????????# #???????????? | | ????????????????????????# #???????????? | | ???????????""???????????? #???????????? | | ???????????T"???????????? ????????????? | | ???????????""????????????????????????????? | | ?????????????????????????????????????????? | | ?????????????????????????????????????????? | | ?????????????????????????????????????????? | | ?????????????????????????????????????????? | | ?????????????????????????????????????????? | | ?????????????????????????????????????????? | | ??????????????????????????????????""""???? | | ??????????????????????????????????""""???? | +----------------------------------------------------+ Best States ------------- Heat Dissipation 28 Energy Generation 10 Energy Capacity 250 Matter Stores 300 Matter Capacity 300 Sight Range 16 Terrain Scan Density 10 Evasion (%) 55 Targeting Accuracy 5 Recoil Reduction 2 Item Schematics ----------------- None Robot Schematics ------------------ None Fabricated ------------ Nothing Alien Tech Used ----------------- None Achievements -------------- None Challenges ------------ None Game ------ Seed ActuatorGodRail Manual? 0 Play Time 00:19:58 Cumulative 8.9 hours Start 2023.03.04 @ 18:33:10 End 2023.03.05 @ 16:40:16 Sessions 3 Manual Loads 0 Difficulty Rogue Special Mode None Game No. 21 Rogue 21 Adventurer 0 Explorer 0 Win Type - Total 0 Types 0/0/0/0/0/0/0/0/0 Lore% 16 Gallery% 14 Achievement% 14 Wizard Run 0 Options --------- ASCII 0 Keyboard 0 Movement Mouse Keybinds 0 Fullscreen 1 Font 24/Smallcaps Map View 76x56 Tactical HUD 1 Map Filters NONE Filters NONE Steam 1 RUN: c486310d-41ee-4f35-9d18-491ad7780902